 Dungeon Crawl Stone Soup version 0.27.0-1-g7a089689b8 (webtiles) character file.

Game seed: 13767307785234368127

733 Acheron the Bolt Thrower (level 7, -1/87 HPs)
             Began as a Hill Orc Hunter on Aug 2, 2021.
             Was a Believer of Dithmenos.
             Succumbed to a water moccasin's poison
             ... on level 6 of the Dungeon.
             The game lasted 00:30:11 (4833 turns).

Acheron the Bolt Thrower (Hill Orc Hunter)          Turns: 4833, Time: 00:30:11

Health: -1/87      AC: 23    Str: 15    XL:     7   Next: 74%
Magic:  9/9        EV:  2    Int: 11    God:    Dithmenos [**....]
Gold:   146        SH:  5    Dex: 13    Spells: 4/8 levels left

rFire    . . .     SeeInvis .   x - +1 war axe (elec)
rCold    . . .     Faith    .   g - +1 buckler
rNeg     + + +     Spirit   .   (armour currently unavailable)
rPois    +         Reflect  .   (helmet currently unavailable)
rElec    .         Harm     .   (cloak currently unavailable)
rCorr    +         Rampage  .   (gloves currently unavailable)
Will     .....     NoTele   +   (boots currently unavailable)
Stlth    ++........             (no amulet)
HPRegen  0.24/turn              j - ring of resist corrosion
MPRegen  0.11/turn              (no ring)

@: lethally poisoned (-1 -> -12), tree-form, wreathed by umbra
A: stationary, stasis, torment immunity, boosted hp, (antennae 1), (electricity
resistance), evolution 1
a: Renounce Religion, Shadow Step


You were on level 6 of the Dungeon.
You worshipped Dithmenos.
Dithmenos was pleased with you.
You were a tree.
You visited 1 branch of the dungeon, and saw 6 of its levels.

You collected 146 gold pieces.

Inventory:

Hand Weapons
 c - a +1 hand crossbow
 r - a +1 dagger of venom
 x - a +1 war axe of electrocution (weapon)
Missiles
 d - 8 bolts
 p - 11 poisoned darts (quivered)
Armour
 b - a +0 leather armour (melded)
 e - a +2 cloak (melded)
 g - a +1 buckler (worn)
 s - a +0 scale mail
Jewellery
 j - a ring of resist corrosion (left branch)
Wands
 a - a wand of flame (17)
 y - a wand of iceblast (6)
Scrolls
 f - a scroll of silence {unknown}
 h - a scroll of identify
 k - a scroll of teleportation
Potions
 m - 2 potions of mutation
 v - 2 potions of lignification


   Skills:
 * Level 3.8 Fighting
 + Level 2.9 Short Blades
 * Level 1.0 Axes
 * Level 4.4 Crossbows
 * Level 3.2 Armour
 * Level 2.7 Dodging
 * Level 2.0 Stealth
 * Level 2.3 Shields
 * Level 1.0 Spellcasting
 * Level 2.8 Invocations
 * Level 1.5 Evocations


You had 4 spell levels left.
You knew the following spells:

 Your Spells              Type           Power      Damage    Failure   Level
a - Apportation           Tloc           0%         N/A       36%         1
b - Magic Dart            Conj           0%         1d3       36%         1
c - Call Imp              Summ           0%         N/A       52%         2

Your spell library contained the following spells:

 Spells                   Type           Power      Damage    Failure   Level
 Mephitic Cloud           Conj/Pois/Air  0%         N/A       75%         3
 Alistair's Intoxication  Tmut/Pois      0%         N/A       100%        5
 Invisibility             Hex            0%         N/A       100%        6


Dungeon Overview and Level Annotations

Branches:
Dungeon (6/15)             Temple (0/1) D:6

Altars:
Dithmenos

Annotations:
D:1 exclusion: downstairs
D:2 1 runed translucent door, Crazy Yiuf, Sigmund
D:3 exclusion: upstairs
D:5 exclusion: downstairs, Menkaure


Innate Abilities, Weirdness & Mutations

You are a tree.
Your roots penetrate the ground, keeping you stationary.
You cannot be teleported.
You are immune to unholy pain and torment.
Your maximum health is greatly increased.
Your equipment is partially melded.
((You have a pair of small antennae on your head.))
((You are resistant to electric shocks. (rElec)))
You evolve.


Message History

The orc hits you with a +0 club.
You slash the orc!
You kill the orc!
Dithmenos accepts your kill.
You barely miss the water moccasin.
The water moccasin closely misses you. x2
You completely miss the water moccasin. The water moccasin barely misses you.
The water moccasin bites you.
* * * LOW HITPOINT WARNING * * *
Okay, then.
Blink to where?
Press: ? - help, Dir - move target
As you read the scroll of blinking, it crumbles to dust.
An orc wizard comes into view. It is wielding a +0 dagger.
An orc comes into view. It is wielding a +0 dagger.
Throw: 12 darts (poison)
Press: ? - help, Q - select action, (/) - cycle Shift-Dir - straight line, f - water moccasin
Aim: a water moccasin (38% to hit)
You throw a poisoned dart.
The poisoned dart misses the water moccasin.
You hit the water moccasin.
Lightning courses through the water moccasin!!
The water moccasin is almost dead.
The water moccasin bites you but does no damage.
The water moccasin bites you!
* * * LOW HITPOINT WARNING * * *
You miss the water moccasin.
The water moccasin is almost dead.
You block the water moccasin's attack. The water moccasin bites you.
* * * LOW HITPOINT WARNING * * *
You barely miss the water moccasin.
The water moccasin is almost dead.
The water moccasin bites you.
* * * LOW HITPOINT WARNING * * *
You are lethally poisoned!
The water moccasin poisons you! The water moccasin closely misses you.
Really quaff the potion of lignification?
You turn into a tree.
Your +2 cloak melds into your body.
Your +0 leather armour melds into your body.
Your roots penetrate the ground.
You die...

****** ***,* ####.).........
*,,,,****,,,* #.)..#......(..
*,**,,,,*,*** #..###.........
**,*,,,,,*.#######)###..........
*,,,,,,,,,......................
**,,*,,,,,,.######(######........
,,,,,,,,,,,** ###.# ##.......
,,,**,,,,,,* ##.S.# ####..##
*****,,,,,,* ##.♣### ##..# *
*,,,,,.# #..## #####.# * ****##.#
#(## ######...... *
#..###(#######......##### *
****##..............######
****,,,........######### ***
,,,,,**.#.###..# **,8 ,,,,,,,,#.#
#.o# *,,, ,,,,****#<#*#.o#* *8,>


You could see a water moccasin.

Vanquished Creatures
  A water moccasin (D:6)
  A sky beast (D:5)
  A black bear (D:4)
  2 ogres
  2 hounds
  An orc wizard (D:3)
  4 gnolls (D:6)
  8 adders
  2 dart slugs (D:1)
  7 orcs
  5 endoplasms
  2 giant cockroaches
  4 goblins
  A hobgoblin (D:1)
  3 jackals (D:2)
  7 kobolds
  10 ball pythons
  7 bats
  A frilled lizard (D:1)
  11 rats
80 creatures vanquished.

Notes
Turn   | Place    | Note
-------+----------+-------------------------------------------
     0 | D:1      | Acheron the Hill Orc Hunter began the quest for the Orb.
     0 | D:1      | Reached XP level 1. HP: 18/18 MP: 1/1
   185 | D:1      | Reached XP level 2. HP: 25/25 MP: 2/2
   304 | D:2      | Noticed Sigmund
   321 | D:1      | Reached skill level 1 in Armour
   449 | D:1      | Reached skill level 1 in Stealth
   673 | D:1      | Reached XP level 3. HP: 30/30 MP: 3/3
   966 | D:1      | Found a faded altar of an unknown god.
   977 | D:1      | Became a worshipper of Dithmenos the Shadowed
   977 | D:1      | Reached * piety under Dithmenos
  1319 | D:2      | Reached skill level 1 in Short Blades
  1320 | D:2      | Found a runed translucent door.
  1321 | D:2      | Noticed Crazy Yiuf
  1661 | D:2      | Reached XP level 4. HP: 6/37 MP: 4/4
  1661 | D:2      | Gained mutation: You evolve. [potion of mutation]
  1661 | D:2      | Gained mutation: You have a pair of small antennae on your
                  | head. [potion of mutation]
  1676 | D:2      | Reached skill level 1 in Shields
  1934 | D:3      | Reached skill level 4 in Crossbows
  1934 | D:3      | Reached skill level 1 in Invocations
  2035 | D:4      | Noticed a necrophage
  2520 | D:3      | Reached ** piety under Dithmenos
  2559 | D:3      | Reached XP level 5. HP: 26/45 MP: 6/6
  3019 | D:4      | Noticed a black bear
  3032 | D:4      | Killed a black bear
  3033 | D:4      | Reached XP level 6. HP: 22/51 MP: 7/7
  3293 | D:5      | Entered Level 5 of the Dungeon
  3434 | D:6      | Noticed a water moccasin
  3674 | D:5      | Gained mutation: You are resistant to electric shocks.
                  | (rElec) [evolution]
  3684 | D:5      | Noticed a sky beast
  3748 | D:5      | Killed a sky beast
  3749 | D:5      | Reached skill level 1 in Evocations
  3749 | D:5      | Reached XP level 7. HP: 35/57 MP: 8/8
  3870 | D:5      | Noticed Menkaure
  4593 | D:6      | Reached skill level 1 in Spellcasting
  4774 | D:6      | Learned a level 1 spell: Apportation
  4776 | D:6      | Learned a level 1 spell: Magic Dart
  4779 | D:6      | Learned a level 2 spell: Call Imp
  4812 | D:6      | Reached skill level 1 in Axes
  4832 | D:6      | HP: 1/58 [water moccasin (6)]
  4833 | D:6      | Succumbed to a water moccasin's poison

Illustrated notes

Levels and vault maps discovered:
D:1:      dpeg_arrival_tiny_e, layout_basic, dilly_ecumenical_altar_fadedgnrine
D:2:      layout_loops_ring, uniq_crazy_yiuf_cottage, uniq_sigmund
D:3:      layout_loops_ring, wad_rectangle_vault
D:4:      layout_layer_cave
D:5:      layout_loops_ring, serial_shops, shop, uniq_menkaure
D:6:      layout_rooms, minmay_temple_entry_statues_pillars

Skill      XL: |  1  2  3  4  5  6  7 |
---------------+----------------------+-----
Armour         | 1 2 3 |  3.2
Stealth        | 1 2 |  2.0
Short Blades   | 1 2 |  2.9
Shields        | 1 2 |  2.3
Fighting       | 3 |  3.8
Crossbows      | 4 |  4.4
Dodging        | 2 |  2.7
Invocations    | 1 2 |  2.8
Evocations     | 1 |  1.5
Spellcasting   | 1 |  1.0
Axes           | 1 |  1.0

Action                   |  1- 3 |  4- 6 |  7- 9 || total
-------------------------+-------+-------+-------++-------
Melee: Short sword       |   128 |    52 |       ||   180
       Dagger            |       |    81 |    12 ||    93
       War axe           |       |       |    33 ||    33
 Fire: Hand crossbow     |    28 |     4 |    20 ||    52
Throw: Dart              |       |       |     1 ||     1
Evoke: Wand              |       |     3 |       ||     3
  Use: Potion            |       |     1 |     2 ||     3
       Scroll            |       |       |    15 ||    15
 Stab: Sleeping          |       |     1 |       ||     1
Armor: Leather armour    |    43 |    42 |    16 ||   101
Dodge: Dodged            |    93 |    86 |    40 ||   219
Block: Buckler           |    22 |    20 |    10 ||    52
